Map: Submarine LE

Players

Spatz

  • Race: Protoss Protoss
  • League: Master
  • Spawn Location: 5:00

Kas - Winner!

  • Race: Terran Terran
  • League: Grandmaster
  • Spawn Location: 11:00

Event: DreamHack SC2 Masters 2020 Summer Europe

VOD

Have the link to the VOD?

Description

Time

  • Played on: July 4, 2020, 12:10 p.m.
  • Length: 13:11

All games in this series

Show
View Real Time Build Order
Export as new Build Order

Spatz Protoss 

Build Orders: 1 Gate Expand, Blink Stalkers, Zealot Archon 

Get SALT Encoding   

  12  0:00  Probe  
  13  0:12  Probe  
  14  0:17  Pylon  
  14  0:23  Probe  
  15  0:31  Probe  
  16  0:36  Gateway  
  16  0:39  Probe  
  16  0:47  Assimilator  
  17  0:51  Probe  
  18  1:03  Probe  
  19  1:15  Probe  
  20  1:23  Cybernetics Core  
  20  1:35  Nexus  
  20  1:41  Pylon  
  20  1:44  Probe  
  21  1:50  Adept, Assimilator  
  21  1:56  Probe  
  24  2:04  Warp Gate  
  24  2:08  Probe  
  24  2:10  Stalker  
  27  2:23  Probe  
  28  2:30  Twilight Council  
  28  2:35  Probe  
  29  2:40  Blink  
  29  2:47  Probe  
  29  2:51  Probe  
  31  2:53  Stalker  
  33  3:00  Probe  
  34  3:07  Probe  
  34  3:12  Probe  
  36  3:19  Probe  
  37  3:21  Robotics Facility  
  37  3:24  Probe  
  38  3:28  Gateway  
  38  3:31  Probe  
  39  3:35  Gateway  
  39  3:37  Probe  
  40  3:43  Probe  
  41  3:48  Gateway  
  41  3:51  Probe  
  42  3:58  Stalker  
  42  3:59  Probe  
  44  4:03  Probe, Pylon  
  44  4:07  Assimilator  
  44  4:08  Observer  
  45  4:11  Probe  
  45  4:19  Probe  
  45  4:22  Stalker x2  
  50  4:25  Probe  
  50  4:26  Pylon  
  50  4:30  Stalker  
  50  4:31  Probe  
  54  4:40  Assimilator  
  54  4:41  Charge  
  54  4:44  Probe  
  55  4:47  Stalker x2  
  55  4:49  Probe  
  60  4:54  Stalker  
  60  4:59  Pylon  
  62  5:03  Pylon  
  62  5:17  Probe x2  
  62  5:21  Gateway  
  64  5:23  Sentry x2  
  64  5:24  Zealot x2  
  72  5:29  Probe  
  72  5:30  Probe, Pylon  
  72  5:31  Immortal  
  75  5:44  Gateway  
  75  5:49  Sentry  
  77  5:50  Zealot x2  
  77  5:53  Zealot  
  83  5:57  Pylon  
  83  6:02  Robotics Bay  
  83  6:14  Stalker  
  85  6:24  Nexus  
  85  6:26  Sentry, Zealot x2  
  85  6:30  Pylon  
  91  6:36  Forge  
  91  6:41  Probe  
  91  6:46  Pylon  
  92  6:48  Templar Archives  
  92  6:49  Zealot  
  92  6:50  Colossus  
  92  6:52  Zealot  
  96  6:54  Protoss Ground Armor Level 1  
  102  7:05  Probe  
  102  7:06  Probe  
  102  7:07  Pylon  
  104  7:10  Extended Thermal Lance  
  104  7:17  Probe  
  104  7:18  Probe  
  106  7:27  High Templar x2  
  106  7:29  Probe, Zealot  
  113  7:30  Archon, Probe  
  113  7:31  Zealot  
  113  7:36  Zealot x2  
  120  7:42  Colossus  
  120  7:45  Shield Battery, Probe x3  
  123  7:57  Probe  
  131  8:06  Phoenix  
  131  8:07  Zealot  
  131  8:09  Pylon  
  132  8:15  Pylon x2  
  132  8:19  Zealot  
  132  8:20  Gateway, Phoenix  
  132  8:27  Colossus  
  132  8:28  Stalker x2  
  132  8:29  Zealot x2  
  140  8:37  Pylon, Zealot  
  148  8:51  Zealot x4  
  156  8:57  Protoss Ground Armor Level 2, Pylon  
  156  8:58  Pylon  
  156  9:04  Pylon  
  154  9:10  Zealot  
  154  9:14  Zealot x4  
  164  9:18  Pylon  
  164  9:30  Probe  
  165  9:33  Zealot x3  
  165  9:35  Zealot x4  
  165  9:38  Warp Prism  
  177  9:44  Probe  
  162  9:46  Probe  
  107  9:53  Zealot x3  
  107  9:55  Colossus  
  91  10:05  High Templar x4  
  91  10:08  Probe  
  91  10:09  Archon  
  91  10:10  Archon, Probe  
  91  10:12  Assimilator x2  
  99  10:20  Stalker x3  
  99  10:34  Probe  
  100  10:36  Robotics Facility  
  100  10:38  Dark Shrine  
  100  10:39  Zealot x4  
  108  10:44  Zealot x3  
  108  10:49  Colossus  
  120  11:03  Zealot x4  
  128  11:04  Zealot  
  130  11:17  Nexus  
  130  11:24  High Templar x4  
  130  11:25  Zealot x2  
  142  11:27  Archon  
  142  11:28  Archon  
  142  11:31  Zealot  
  144  11:44  Disruptor  
  144  11:45  Stalker x2  
  152  11:49  Probe  
  152  11:50  Probe  
  152  11:51  Disruptor  
  148  12:00  Zealot x3  
  148  12:01  Stalker x2  
  158  12:04  Probe  
  158  12:05  Probe x2  
  161  12:14  Forge  
  135  12:29  Zealot x5  
  105  12:35  Stalker x2  
  92  12:49  Dark Templar x4  
  86  12:58  Zealot  
  86  12:59  Zealot x2  
Show
View Real Time Build Order
Export as new Build Order

Kas Terran - Winner!

Build Orders: Reaper Expand 

Get SALT Encoding   

  12  0:00  SCV  
  13  0:12  SCV  
  14  0:17  Supply Depot  
  14  0:26  SCV  
  15  0:38  SCV  
  15  0:40  Barracks  
  16  0:43  Refinery  
  16  0:50  SCV  
  17  1:02  SCV  
  18  1:15  SCV  
  19  1:27  Orbital Command, Reaper  
  20  1:41  Command Center  
  20  1:54  Supply Depot, SCV  
  20  1:59  Barracks Reactor  
  21  2:06  SCV  
  22  2:09  Barracks  
  22  2:19  SCV  
  22  2:22  Factory  
  23  2:28  Refinery  
  23  2:31  SCV  
  23  2:36  Marine x2  
  26  2:43  SCV  
  26  2:54  Marine x2  
  26  2:55  SCV  
  29  2:58  Barracks Tech Lab  
  29  3:03  Orbital Command  
  29  3:07  SCV  
  29  3:12  Marine x2  
  32  3:19  SCV  
  33  3:23  Siege Tank  
  33  3:26  Barracks Tech Lab  
  36  3:29  Marine  
  36  3:31  SCV x2  
  39  3:34  Marine  
  39  3:41  Supply Depot  
  40  3:43  SCV x2  
  40  3:45  Marine  
  40  3:47  Combat Shield  
  43  3:51  Marine  
  43  3:54  Marine  
  43  3:55  SCV  
  46  3:59  SCV  
  46  4:05  Siege Tank, Marine  
  46  4:07  SCV  
  51  4:14  Marine x2  
  51  4:15  SCV  
  51  4:16  Supply Depot  
  54  4:22  SCV  
  54  4:23  Marine  
  56  4:26  Barracks  
  56  4:31  Marine  
  56  4:32  Marine  
  56  4:33  SCV  
  56  4:35  Supply Depot  
  56  4:37  Siege Tank  
  62  4:41  Marine  
  62  4:43  SCV  
  64  4:51  Marine x2, Supply Depot, Engineering Bay  
  66  4:53  SCV  
  66  4:55  Refinery  
  66  4:56  SCV  
  66  4:59  Marine  
  69  5:06  Stimpack, Supply Depot, SCV  
  70  5:08  SCV  
  71  5:18  SCV  
  70  5:21  Factory Reactor  
  70  5:22  Marauder, Concussive Shells  
  70  5:25  SCV  
  70  5:27  Refinery  
  73  5:29  Starport  
  73  5:30  Supply Depot  
  73  5:31  SCV  
  73  5:33  Marine x2  
  76  5:37  Marauder  
  77  5:45  Terran Infantry Weapons Level 1  
  77  5:47  SCV  
  77  5:49  Marauder  
  80  5:51  Marine x2  
  80  5:52  SCV  
  83  5:58  Refinery  
  83  6:00  Supply Depot  
  83  6:03  Marauder  
  85  6:07  SCV  
  85  6:09  Marine x2  
  85  6:10  SCV  
  89  6:13  Marauder  
  91  6:20  Medivac  
  91  6:21  Medivac  
  95  6:27  Marauder  
  95  6:30  Widow Mine  
  95  6:31  Marine x2  
  100  6:34  Marauder  
  100  6:36  Missile Turret  
  100  6:39  Supply Depot  
  102  6:41  Ghost Academy  
  102  6:49  Marine x2  
  102  6:51  Marauder  
  102  6:53  Widow Mine  
  108  6:56  Medivac  
  108  6:59  Supply Depot  
  108  7:01  Medivac  
  112  7:03  Supply Depot  
  112  7:06  Marine  
  112  7:07  Marine  
  114  7:11  Ghost  
  116  7:20  Ghost  
  118  7:24  Marine x2  
  118  7:25  Command Center  
  118  7:29  Supply Depot, Viking  
  122  7:33  Viking  
  122  7:36  Supply Depot, SCV  
  125  7:37  SCV  
  125  7:42  Marauder, Marine x2  
  130  7:48  Barracks  
  130  7:49  Factory Reactor  
  130  7:52  Marauder, Barracks  
  131  8:16  Marauder x2, Marine x2  
  131  8:17  SCV  
  131  8:18  SCV  
  139  8:30  SCV x2  
  139  8:33  Supply Depot, Terran Infantry Armor Level 1  
  141  8:34  Supply Depot, Marine x2  
  141  8:37  Ghost x2  
  147  8:45  Armory, Engineering Bay  
  147  8:47  Widow Mine x2  
  151  8:50  Barracks Tech Lab  
  151  8:56  SCV  
  151  8:59  Starport Reactor  
  151  9:01  Marine x3  
  155  9:02  Marine  
  156  9:11  Ghost  
  156  9:13  Marauder x2  
  156  9:14  Orbital Command  
  162  9:18  Marine  
  162  9:22  Viking x2  
  167  9:26  Marine  
  167  9:27  Marine  
  169  9:34  Terran Infantry Weapons Level 2, Marauder  
  108  9:58  Marauder x2  
  98  10:03  Viking  
  98  10:04  Marauder, Marine x2, Viking  
  98  10:05  Marine x2  
  108  10:11  SCV  
  109  10:19  Marauder x2  
  111  10:22  Marine x2  
  111  10:26  Marauder  
  111  10:31  Marine x2  
  111  10:33  Viking  
  111  10:34  Viking  
  113  10:40  Marine, Ghost  
  113  10:41  Refinery, Marauder  
  118  10:43  Refinery  
  118  10:50  Marine, Terran Infantry Armor Level 2  
  118  10:51  Marine x2  
  118  10:53  Widow Mine  
  123  10:59  Bunker  
  123  11:00  Supply Depot  
  123  11:03  Viking  
  125  11:05  Viking  
  125  11:07  Marauder x2  
  125  11:08  Marine  
  125  11:11  Marauder  
  134  11:12  Marine x2  
  134  11:13  Marine  
  134  11:15  Widow Mine  
  139  11:22  Command Center  
  139  11:28  Marauder  
  141  11:33  Marine x3  
  141  11:34  Marine  
  141  11:36  Widow Mine  
  146  11:45  Marine x2  
  146  11:49  Marine  
  146  11:51  Marine  
  146  11:54  Marine x3  
  148  11:59  SCV  
  148  12:00  SCV  
  152  12:03  Ghost x2  
  152  12:04  Viking x2  
  162  12:08  Marauder  
  162  12:09  Marine  
  162  12:10  Factory Reactor  
  162  12:11  Marine  
  162  12:13  Barracks x2  
  129  12:30  Marauder  
  129  12:32  Marauder x2  
  129  12:36  Marine x2  
  126  12:46  Marine  
  126  12:47  Marine  
  130  13:00  Missile Turret  
Tags
 
Add a new tag
Caveats
  • Supply blocks, unpowered buildings, or Contaminate may cause inaccurate times.
  • Supply counts are checked every 10 seconds.